 Dungeon Crawl Stone Soup version bcrawl-1.27.3 (webtiles) character file.

Game seed: 3959987604115288505

226444 MisterOstroum the Sneak (level 5, -1/26 HPs)
             Began as a Spriggan Enchanter on Sept 24, 2020.
             Slain by an orc warrior
             ... wielding a +0 scimitar
              (19 damage)
             ... on level 6 of the Dungeon.
             The game lasted 00:08:02 (1403 turns).

MisterOstroum the Sneak (Spriggan Enchanter)        Turns: 1403, Time: 00:08:02

Health: -1/26      AC:  2    Str:  6    XL:     5   Next: 36%
Magic:  1/10       EV: 18    Int: 17    God:
Gold:   141        SH:  0    Dex: 17    Spells: 3/9 levels left

rFire    x . .     SeeInvis +   a - +1 dagger
rCold    + . .     Gourm    .   (shield restricted)
rNeg     . . .     Faith    .   b - +0 robe
rPois    .         Spirit   .   (helmet restricted)
rElec    .         Reflect  .   (no cloak)
rCorr    .         Harm     .   (gloves unavailable)
MR       .....                  (boots unavailable)
Stlth    +++.......             (no amulet)
HPRegen  0.08/turn              j - ring of wizardry
MPRegen  0.12/turn              c - ring "Faurphu" {Ice Str+2}

@: very slightly contaminated, very quick
A: very small, unfitting armour, see invisible, herbivore, speed 3, slow
metabolism 2
a: no special abilities


You were on level 6 of the Dungeon.
You were not hungry.

You visited 1 branch of the dungeon, and saw 6 of its levels.

You collected 141 gold pieces.

Inventory:

Hand Weapons
 a - a +1 dagger (weapon)
 m - a +0 rapier
Armour
 b - a +0 robe (worn)
Jewellery
 c - the ring "Faurphu" (right hand) {Ice Str+2}
   (You found it on level 1 of the Dungeon)

   [ring of ice]

   It enhances your ice magic.
   It affects your strength (+2).
   It makes you vulnerable to fire.
   It protects you from cold.
 g - an uncursed ring of insulation
 j - a ring of wizardry (left hand)
 l - a +4 ring of intelligence {unknown}
Wands
 p - a wand of polymorph (5)
Scrolls
 d - 2 scrolls of fog {!r}
 k - 5 scrolls of identify {@r1}
Potions
 f - a potion of invisibility
 h - a potion of mutation {unknown}
 i - a potion of degeneration {unknown}
 n - a potion of might {unknown}
 o - a potion of lignification {unknown}
Comestibles
 e - 2 rations {!d}


   Skills:
 - Level 2.0 Fighting
 * Level 3.8 Short Blades
 - Level 3.0 Dodging
 + Level 5.0 Stealth
 - Level 2.6 Spellcasting
 * Level 4.5 Hexes
 + Level 1.7 Ice Magic


You had 3 spell levels left.
You knew the following spells:

 Your Spells              Type           Power        Failure   Level  Hunger
a - Corona                Hex            ###....      1%          1    None
b - Ensorcelled Hibernat  Hex/Ice        ###...       3%          2    ##.....
c - Confuse               Hex            ###.....     3%          3    ####...

Your spell library contained the following spells:

 Spells                   Type           Power        Failure   Level  Hunger
 Tukima's Dance           Hex            ###.....     3%          3    ####...
 Dazzling Orbs            Conj/Hex       #......      9%          3    ####...


Dungeon Overview and Level Annotations

Branches:
Dungeon (6/12)
 Temple: D:4-7

Altars:
Kikubaaqudgha
Makhleb


Innate Abilities, Weirdness & Mutations

You are very small and have problems with some larger weapons.
You are too small for most types of armour.
You have supernaturally acute eyesight. (SInv)
You are a herbivore.
You cover ground extremely quickly.
You need to consume almost no food.


Message History

You have encountered a dangerous foe!
The orc warrior shouts!
The orc shouts!
You see here a wand of polymorph (5).
(D) Dungeon
Where to? (Enter - D:2, ? - help)
Okay, then.
p - a wand of polymorph (5)
Casting: Confuse (safe; 3% risk of failure)
Confirm with . or Enter, or press ? or * to list all spells.
Aiming: Confuse (safe; 3% risk of failure)
Press: ? - help, Shift-Dir - straight line, f - adder
Aim: an adder (chance to defeat MR: 56%)
The adder appears confused.
Casting: Confuse (safe; 3% risk of failure)
Confirm with . or Enter, or press ? or * to list all spells.
Aiming: Confuse (safe; 3% risk of failure)
Press: ? - help, Shift-Dir - straight line, f/p - adder
Aim: an adder (confused, chance to defeat MR: 56%)
Okay, then.
Casting: Confuse (safe; 3% risk of failure)
Confirm with . or Enter, or press ? or * to list all spells.
Aiming: Confuse (safe; 3% risk of failure)
Press: ? - help, Shift-Dir - straight line, f - orc warrior, p - adder
Aim: an orc warrior, wielding a +0 scimitar and wearing a +0 chain mail (chance to defeat MR: 48%)
The orc warrior resists with some effort.
Casting: Confuse (safe; 3% risk of failure)
Confirm with . or Enter, or press ? or * to list all spells.
Aiming: Confuse (safe; 3% risk of failure)
Press: ? - help, Shift-Dir - straight line, f/p - orc warrior
Aim: an orc warrior, wielding a +0 scimitar and wearing a +0 chain mail (chance to defeat MR: 48%)
Okay, then.
Casting: Confuse (safe; 3% risk of failure)
Confirm with . or Enter, or press ? or * to list all spells.
Aiming: Confuse (safe; 3% risk of failure)
Press: ? - help, Shift-Dir - straight line, f - orc, p - orc warrior
Aim: an orc, wielding a +1 dagger of venom and wearing a +0 ring mail (chance to defeat MR: 65%)
The orc appears confused.
The adder barely misses the orc.
The leopard gecko hisses angrily.
The adder misses you.
You hit the adder.
The adder is moderately wounded.
The adder completely misses you.
The orc hits the orc but does no damage.
The orc is poisoned.
The orc completely misses itself.
You strike the helpless adder from behind!
You impale the adder!!
You kill the adder!
You hit the orc.
The orc is heavily wounded.
You hit the orc but do no damage.
The orc is heavily wounded.
The orc completely misses you.
You hit the orc but do no damage.
The orc is heavily wounded.
The orc barely misses the orc warrior.
You catch the helpless orc completely off-guard!
You puncture the orc!
You kill the orc!
The orc dies!
Casting: Confuse (safe; 3% risk of failure)
Confirm with . or Enter, or press ? or * to list all spells.
Aiming: Ensorcelled Hibernation (safe; 3% risk of failure)
Press: ? - help, Shift-Dir - straight line, f - orc warrior
Aim: an orc warrior, wielding a +0 scimitar and wearing a +0 chain mail (chance to defeat MR: 50%)
Okay, then.
Casting: Ensorcelled Hibernation (safe; 3% risk of failure)
Confirm with . or Enter, or press ? or * to list all spells.
Aiming: Ensorcelled Hibernation (safe; 3% risk of failure)
Press: ? - help, Shift-Dir - straight line, f - orc warrior
Aim: an orc warrior, wielding a +0 scimitar and wearing a +0 chain mail (chance to defeat MR: 50%)
You feel a surge of power!
You miscast Ensorcelled Hibernation.
You are very lightly contaminated with residual magic.
You feel a bit tired.
You start resting.
The orc warrior is too close now for your liking.
Casting: Ensorcelled Hibernation (safe; 3% risk of failure)
Confirm with . or Enter, or press ? or * to list all spells.
Aiming: Ensorcelled Hibernation (safe; 3% risk of failure)
Press: ? - help, Shift-Dir - straight line, f/p - orc warrior
Aim: an orc warrior, wielding a +0 scimitar and wearing a +0 chain mail (chance to defeat MR: 50%)
You feel a surge of power!
The orc warrior resists with some effort.
The leopard gecko hisses angrily.
You barely miss the leopard gecko. The leopard gecko misses you.
You barely miss the leopard gecko. The leopard gecko bites you.
You hit the leopard gecko but do no damage.
The orc warrior barely misses you. The leopard gecko closely misses you.
You hit the leopard gecko.
The leopard gecko is moderately wounded.
The orc warrior closely misses you. The leopard gecko bites you.
You hit the leopard gecko.
The leopard gecko is heavily wounded.
You hit the leopard gecko but do no damage.
The leopard gecko is heavily wounded.
The leopard gecko bites you.
The orc warrior hits you with a +0 scimitar!!
Ouch! That really hurt!
You die...

### #.# #.#
#.#### #....#
#.##.# #####
#o##.# #####.....
#@##.# #...#.....
#l##o# #.<.#.....
#....# #.........
#..### #.....?...
#..# ###.......
#..#
######.......
#..#
#.........l..
#..#
#.........###
#..###)........#.


You could see an orc warrior and a leopard gecko.

Vanquished Creatures
  A bullfrog (D:4)
  A quasit (D:4)
  A hound (D:4)
  An adder (D:6)
  2 oozes (D:1)
  A dart slug (D:1)
  2 leopard geckos
  2 orcs
  3 bats
  3 giant cockroaches
  2 goblins (D:1)
  7 hobgoblins
  2 kobolds
  A ball python (D:1)
  A frilled lizard (D:1)
  3 rats (D:1)
33 creatures vanquished.

Vanquished Creatures (others)
  An orc (D:6)
1 creature vanquished.

Grand Total: 34 creatures vanquished

Notes
Turn   | Place    | Note
-------+----------+-------------------------------------------
     0 | D:1      | MisterOstroum the Spriggan Enchanter began the quest for
                  | the Orb.
     0 | D:1      | Reached XP level 1. HP: 9/9 MP: 5/5
    84 | D:1      | Got a glittering bone ring
    94 | D:1      | Identified the ring "Faurphu" {Ice Str+2} (You found it on
                  | level 1 of the Dungeon)
   157 | D:1      | Reached skill level 1 in Fighting
   271 | D:1      | Reached XP level 2. HP: 6/14 MP: 4/6
   275 | D:1      | Learned a level 2 spell: Ensorcelled Hibernation
   712 | D:1      | Reached skill level 5 in Stealth
   712 | D:1      | Reached XP level 3. HP: 18/18 MP: 2/8
   742 | D:1      | Learned a level 3 spell: Confuse
   944 | D:2      | Found a burning altar of Makhleb.
   944 | D:2      | Noticed a balrug
  1065 | D:4      | Found an ancient bone altar of Kikubaaqudgha.
  1071 | D:5      | Entered Level 5 of the Dungeon
  1123 | D:5      | Noticed an ogre
  1244 | D:4      | Reached skill level 1 in Ice Magic
  1244 | D:4      | Reached XP level 4. HP: 17/23 MP: 4/9
  1303 | D:4      | Noticed a bullfrog
  1310 | D:4      | Killed a bullfrog
  1310 | D:4      | Reached XP level 5. HP: 22/26 MP: 6/10
  1333 | D:5      | Noticed a phantom
  1338 | D:5      | Noticed an ice beast
  1338 | D:5      | Noticed a centaur
  1346 | D:6      | Noticed an orc warrior
  1403 | D:6      | Slain by an orc warrior

Skill      XL: |  1  2  3  4 |
---------------+-------------+-----
Fighting       | 1 2 |  2.0
Stealth        | 5 |  5.0
Short Blades   | 2 3 |  3.8
Hexes          | 4 |  4.5
Ice Magic      | 1 |  1.7
Dodging        | |  3.0
Spellcasting   | |  2.6

Action                   |  1- 3 |  4- 6 || total
-------------------------+-------+-------++-------
Melee: Dagger            |   102 |    17 ||   119
 Cast: Corona            |    14 |       ||    14
       Ensorcelled Hiber |    23 |     1 ||    24
       Confuse           |       |     4 ||     4
 Stab: Sleeping          |    13 |     1 ||    14
       Confused          |       |     3 ||     3
  Eat: Ration            |       |     1 ||     1
Armor: Robe              |    14 |     2 ||    16
Dodge: Dodged            |   110 |    12 ||   122
